 Dungeon Crawl Stone Soup version 0.28-a0-1447-ga5a8893891 (webtiles) character file.

Game seed: 12507039886221083457

109 testman the Vexing (level 4, -2/34 HPs)
             Began as a Gnoll Arcane Marksman on Jan 11, 2022.
             Slain by Crazy Yiuf (5 damage)
             ... on level 2 of the Dungeon.
             The game lasted 00:13:32 (4107 turns).

testman the Vexing (Gnoll Arcane Marksman)          Turns: 4107, Time: 00:13:33

Health: -2/34      AC:  4    Str: 13 (16) XL:     4   Next: 90%
Magic:  6/8        EV: 12    Int: 13 (14) God:
Gold:   36         SH:  0    Dex: 11 (12) Spells: 8/9 levels left

rFire   . . .      SeeInvis .   e - +1 dagger (venom)
rCold   . . .      Faith    .   (no shield)
rNeg    . . .      Spirit   .   f - +0 leather armour
rPois   .          Reflect  .   k - +0 helmet
rElec   .          Harm     .   (no cloak)
rCorr   .          Rampage  .   (no gloves)
Will    .....                   (no boots)
Stlth   +.........              (no amulet)
HPRegen 0.11/turn               h - +6 ring of strength
MPRegen 0.11/turn               (no ring)

@: no status effects
A: fangs 1, strong nose, distributed training
a: no special abilities


You were on level 2 of the Dungeon.
You visited 1 branch of the dungeon, and saw 2 of its levels.

You collected 36 gold pieces.

Inventory:

Hand Weapons
 e - a +1 dagger of venom (weapon)
 j - a +0 mace
Missiles
 b - 4 javelins (quivered)
 c - 2 throwing nets
Armour
 a - a +0 robe
 f - a +0 leather armour (worn)
 k - a +0 helmet (worn)
Jewellery
 h - a +6 ring of strength (left hand)
Scrolls
 d - 2 scrolls of immolation
 m - a scroll of identify {unknown}
 n - a scroll of teleportation
 o - a scroll of vulnerability {unknown}
 p - a scroll of magic mapping
Potions
 g - 2 potions of brilliance {unknown}
 i - a potion of degeneration
 l - a potion of heal wounds {unknown}


   Skills:
 + Level 2.8 Fighting
 + Level 1.2 Short Blades
 + Level 1.2 Long Blades
 + Level 1.2 Axes
 + Level 1.2 Maces & Flails
 + Level 1.2 Polearms
 + Level 1.2 Staves
 + Level 1.2 Slings
 + Level 1.2 Bows
 + Level 1.2 Crossbows
 + Level 4.7 Throwing
 + Level 1.2 Armour
 + Level 4.7 Dodging
 + Level 1.2 Stealth
 + Level 1.2 Shields
 + Level 1.2 Unarmed Combat
 + Level 3.0 Spellcasting
 + Level 1.0 Conjurations
 + Level 5.5 Hexes
 + Level 1.0 Summonings
 + Level 1.0 Necromancy
 + Level 1.0 Translocations
 + Level 1.0 Transmutations
 + Level 1.0 Fire Magic
 + Level 1.0 Ice Magic
 + Level 1.0 Air Magic
 + Level 1.0 Earth Magic
 + Level 1.0 Poison Magic
 + Level 1.4 Invocations
 + Level 1.2 Evocations


You had 8 spell levels left.
You knew the following spells:

 Your Spells              Type           Power      Damage    Failure   Level
a - Slow                  Hex            64%        N/A       3%          1

Your spell library contained the following spells:

 Spells                   Type           Power      Damage    Failure   Level
 Inner Flame              Hex/Fire       10%        N/A       22%         3
 Portal Projectile        Hex/Tloc       20%        N/A       22%         3
 Cause Fear               Hex            8%         N/A       30%         4


Dungeon Overview and Level Annotations

Branches:
Dungeon (2/15)

Altars:

Annotations:
D:2 Crazy Yiuf


Innate Abilities, Weirdness & Mutations

You have very sharp teeth.
Your uncanny sense of smell can sniff out nearby items.
Your experience applies equally to all skills.


Message History

You open the door.
There is an open door here.
p - a scroll of magic mapping
There is an open door here.
There is an open door here.
Found a mace.
Found a runed translucent door.
Crazy Yiuf shouts!
You open the door.
Casting: Slow (safe; 3% risk of failure)
Confirm with . or Enter, or press ? or * to list all spells.
Aiming: Slow (safe; 3% risk of failure)
Press: ? - help, Shift-Dir - straight line, f - Crazy Yiuf
Aim: Crazy Yiuf, wielding a +2 quarterstaff of chaos and wearing a +0 cloak (chance to affect: 64%) Crazy Yiuf struggles to resist.
Crazy Yiuf hits you with a +2 quarterstaff of chaos.
You hit Crazy Yiuf.
Crazy Yiuf is poisoned.
Crazy Yiuf is lightly wounded.
Crazy Yiuf drinks a potion.
Crazy Yiuf seems to speed up.
You hit Crazy Yiuf but do no damage. Your bite misses Crazy Yiuf.
Crazy Yiuf is lightly wounded.
Crazy Yiuf hits you with a +2 quarterstaff of chaos!
Crazy Yiuf freezes you.
Crazy Yiuf cries, "Key water sanguine!"
Crazy Yiuf hits you with a +2 quarterstaff of chaos.
Crazy Yiuf freezes you.
* * * LOW HITPOINT WARNING * * *
Press: ? - help, v - describe, . - travel
Here: Crazy Yiuf, wielding a +2 quarterstaff of chaos and wearing a +0 cloak (moderately wounded, fast, very poisoned)
The floor.
Casting: Slow (safe; 3% risk of failure)
Confirm with . or Enter, or press ? or * to list all spells.
Aiming: Slow (safe; 3% risk of failure)
Press: ? - help, Shift-Dir - straight line, f/p - Crazy Yiuf
Aim: Crazy Yiuf, wielding a +2 quarterstaff of chaos and wearing a +0 cloak (moderately wounded, fast, very poisoned, chance to affect: 64%) Crazy Yiuf struggles to resist.
Crazy Yiuf hits you with a +2 quarterstaff of chaos!
* * * LOW HITPOINT WARNING * * *
Crazy Yiuf draws strength from your wounds!
Crazy Yiuf hits you with a +2 quarterstaff of chaos.
You die...

#.....................#....
#......>..............+....
#################.....#..,,
#........,, #........,,
###** ♣♣##....#...** #)..#♣♣
♣♣P......#,..*
#...'.♣♣♣♣........###### ###
#...#♣g@♣.PP............ #.#
###**♣♣♣.♣.P............ #.#
♣♣♣♣♣###......... #.#
#.........
#.#################.........
#.......##.......##.....#..†
#.......###.......#..<..#...
#.......# #.......#.....#...
#.......# #.................


You could see Crazy Yiuf (fast, very poisoned).

Vanquished Creatures
  Robin (D:2)
  A gnoll (D:1)
  An adder (D:2)
  3 worms
  2 dart slugs (D:2)
  5 endoplasms
  A giant cockroach (D:1)
  11 goblins
  8 hobgoblins
  2 jackals (D:2)
  3 quokkas (D:1)
  6 ball pythons (D:1)
  6 bats
  5 frilled lizards
  4 kobolds
  4 rats
63 creatures vanquished.

Notes
Turn   | Place    | Note
-------+----------+-------------------------------------------
     0 | D:1      | testman the Gnoll Arcane Marksman began the quest for the
                  | Orb.
     0 | D:1      | Reached XP level 1. HP: 17/17 MP: 4/4
   335 | D:1      | Reached XP level 2. HP: 23/23 MP: 5/5
   764 | D:1      | Reached XP level 3. HP: 12/28 MP: 7/7
  1509 | D:2      | Reached skill level 1 in Invocations
  1755 | D:2      | Reached skill level 1 in Short Blades
  1755 | D:2      | Reached skill level 1 in Long Blades
  1755 | D:2      | Reached skill level 1 in Axes
  1755 | D:2      | Reached skill level 1 in Maces & Flails
  1755 | D:2      | Reached skill level 1 in Polearms
  1755 | D:2      | Reached skill level 1 in Staves
  1755 | D:2      | Reached skill level 1 in Slings
  1755 | D:2      | Reached skill level 1 in Bows
  1755 | D:2      | Reached skill level 1 in Crossbows
  1755 | D:2      | Reached skill level 1 in Armour
  1755 | D:2      | Reached skill level 1 in Stealth
  1755 | D:2      | Reached skill level 1 in Shields
  1755 | D:2      | Reached skill level 1 in Unarmed Combat
  1755 | D:2      | Reached skill level 1 in Evocations
  2013 | D:2      | Noticed Robin
  2108 | D:1      | HP: 1/28 [poisoned by a goblin]
  2115 | D:1      | Reached XP level 4. HP: 7/34 MP: 8/8
  3132 | D:2      | Killed Robin
  3403 | D:2      | Found a faded altar of an unknown god.
  3418 | D:2      | Reached skill level 1 in Conjurations
  3418 | D:2      | Reached skill level 1 in Summonings
  3418 | D:2      | Reached skill level 1 in Necromancy
  3418 | D:2      | Reached skill level 1 in Translocations
  3418 | D:2      | Reached skill level 1 in Transmutations
  3418 | D:2      | Reached skill level 1 in Fire Magic
  3418 | D:2      | Reached skill level 1 in Ice Magic
  3418 | D:2      | Reached skill level 1 in Air Magic
  3418 | D:2      | Reached skill level 1 in Earth Magic
  3418 | D:2      | Reached skill level 1 in Poison Magic
  4097 | D:2      | Found a runed translucent door.
  4098 | D:2      | Noticed Crazy Yiuf
  4107 | D:2      | Slain by Crazy Yiuf

Illustrated notes

Levels and vault maps discovered:
D:1:      amcnicky_arrival_abandoned_market, layout_basic, minmay_tromino_v4_a
D:2:      layout_basic, hellmonk_ecumenical_altar_leap_of_faith,
          kennysheep_generic_room_5, uniq_crazy_yiuf_cottage, uniq_robin

Skill      XL: |  1  2  3  4 |
---------------+-------------+-----
Invocations    | 1 |  1.4
Short Blades   | 1 |  1.2
Long Blades    | 1 |  1.2
Axes           | 1 |  1.2
Maces & Flails | 1 |  1.2
Polearms       | 1 |  1.2
Staves         | 1 |  1.2
Slings         | 1 |  1.2
Bows           | 1 |  1.2
Crossbows      | 1 |  1.2
Armour         | 1 |  1.2
Stealth        | 1 |  1.2
Shields        | 1 |  1.2
Unarmed Combat | 1 |  1.2
Evocations     | 1 |  1.2
Spellcasting   | 3 |  3.0
Conjurations   | 1 |  1.0
Summonings     | 1 |  1.0
Necromancy     | 1 |  1.0
Translocations | 1 |  1.0
Transmutations | 1 |  1.0
Fire Magic     | 1 |  1.0
Ice Magic      | 1 |  1.0
Air Magic      | 1 |  1.0
Earth Magic    | 1 |  1.0
Poison Magic   | 1 |  1.0
Fighting       | |  2.8
Throwing       | |  4.7
Dodging        | |  4.7
Hexes          | |  5.5

Action                   |  1- 3 |  4- 6 || total
-------------------------+-------+-------++-------
Melee: Unarmed           |    23 |       ||    23
       Bite              |    11 |     8 ||    19
       Mace              |    89 |       ||    89
       Dagger            |       |   109 ||   109
       Punch             |       |     3 ||     3
Throw: Javelin           |    13 |       ||    13
 Cast: Slow              |       |     4 ||     4
  Use: Scroll            |     3 |       ||     3
       Potion            |     5 |       ||     5
 Stab: Sleeping          |     1 |     1 ||     2
Armor: Leather armour    |    41 |    27 ||    68
       Skin              |     4 |       ||     4
Dodge: Dodged            |   106 |    64 ||   170

Table legend: (Time is in decaauts)
 A = Elapsed time spent in this place.
 B = Non-inter-level travel time spent in this place.
 C = Inter-level travel time spent in this place.
 D = Time resting spent in this place.
 E = Time spent auto-exploring this place.
 F = Levels seen in this place.
 G = Mean time per level.
                   A        B        C        D        E       F      G
               +--------+--------+--------+--------+--------+-----+--------+
         Total |   4146 |   4146 |      0 |   2224 |   1268 |   2 | 2073.0 |
       Dungeon |   4146 |   4146 |      0 |   2224 |   1268 |   2 | 2073.0 |
               +--------+--------+--------+--------+--------+-----+--------+

Top non-repeatable levels by time:
     D:1: 3025 daAuts
     D:2: 1121 daAuts
